Sabres vs Devils
Created - April 9, 2018 at 19:02
Goals
|
| Sabres |
1 |
0 |
1 |
2 |
| Devils |
0 |
1 |
2 |
3 |
|
Shots
|
| Sabres |
11 |
5 |
5 |
21 |
| Devils |
8 |
8 |
8 |
24 |
|
1st period
1. Sabres , Ilya Kovalchuk 40 (Vincent Lecavalier 31, Rob Scuderi 24) at 7:56 (PP)
Penalties :
Dmitry Kulikov (NJD) for Holding Stick (Minor) at 7:39, Jordan Eberle (NJD) for Slashing (Minor) at 8:19, Mike Komisarek (NJD) for Goalie Interference (Minor) at 13:57
2nd period
2. Devils , Matt Duchene 30 (Taylor Hall 32) at 6:06
Penalties :
Dmitry Kulikov (NJD) for Hooking (Minor) at 1:55
3rd period
3. Devils , Erik Christensen 12 (Ryan Whitney 20, Travis Hamonic 17) at 9:25
4. Devils , Erik Christensen 13 (Ryan Whitney 21, Mikko Koivu 25) at 11:27
5. Sabres , Zach Bogosian 18 (Rob Scuderi 25) at 11:43
Penalties :
Tyler Cuma (NJD) for Slashing (Minor) at 0:57, Kurt Sauer (NJD) for Hooking (Minor) at 6:58, Ilya Kovalchuk (Buf) for Interference (Minor) at 12:09
Goalie Stats
Robin Lehner (Buf), 21 saves from 24 shots - (0.875), L, 35-18-4, 58:43 minutes
James Reimer (NJD), 19 saves from 21 shots - (0.905), W, 25-14-3, 60:00 minutes
Players Stats for Sabres
Player Name G A P +/- PIM S H SB GA TA FO MP PP MP PK MP
------------------------------------------------------------------------------------
Andrei Loktionov 0 0 0 1 0 1 1 1 0 0 3/10 18:17 4:47 0:00
Brad Richardson 0 0 0 0 0 3 0 0 0 0 0/0 12:32 2:08 0:00
Brandon Sutter 0 0 0 -2 0 2 0 0 0 1 13/22 18:13 1:16 1:01
Darcy Hordichuk 0 0 0 0 0 1 0 0 0 1 0/0 9:43 1:43 0:57
Evander Kane 0 0 0 1 0 2 0 3 0 1 2/2 19:09 4:47 0:48
Ilya Kovalchuk 1 0 1 -1 2 3 4 0 2 0 1/1 22:57 3:42 0:00
Jakub Kindl 0 0 0 -1 0 0 1 2 0 2 0/0 11:10 0:00 0:00
Jared Cowen 0 0 0 -2 0 2 0 0 0 0 0/0 22:30 3:54 0:43
Jordan Leopold 0 0 0 -1 0 0 3 3 0 0 0/0 11:10 0:00 0:00
Kyle Okposo 0 0 0 0 0 0 1 0 0 0 0/1 8:44 2:41 0:00
Matt Martin 0 0 0 -1 0 0 3 0 0 0 0/0 11:01 0:00 0:37
Michael Kostka 0 0 0 -2 0 1 3 1 0 1 0/0 23:49 3:54 1:16
Rob Scuderi 0 2 2 1 0 1 5 2 0 1 0/0 25:01 6:18 0:43
Ryan O'Reilly 0 0 0 -1 0 0 0 0 0 0 4/9 10:45 0:00 0:08
Scottie Upshall 0 0 0 -2 0 0 2 0 0 0 1/2 15:23 0:00 0:00
Vincent Lecavalier 0 1 1 -1 0 3 2 1 2 0 2/6 16:08 4:54 0:27
Zach Bogosian 1 0 1 1 0 1 0 1 4 0 0/0 26:20 6:18 1:16
Zack Kassian 0 0 0 0 0 1 2 0 0 1 1/1 15:08 4:38 0:00
Players Stats for Devils
Player Name G A P +/- PIM S H SB GA TA FO MP PP MP PK MP
------------------------------------------------------------------------------------
Anthony Stewart 0 0 0 1 0 1 0 0 0 1 0/0 8:36 0:00 0:00
Brandon Bollig 0 0 0 1 0 0 4 0 0 0 0/0 7:27 0:00 0:00
Chris Kreider 0 0 0 0 0 2 2 0 1 0 0/1 14:01 1:05 0:00
Dmitry Kulikov 0 0 0 0 4 1 5 1 0 1 0/0 21:10 1:05 2:05
Erik Christensen 2 0 2 2 0 4 0 0 1 1 1/3 10:34 0:00 2:10
Jonathan Toews 0 0 0 0 0 3 2 0 0 1 5/11 17:27 1:05 3:07
Jordan Eberle 0 0 0 0 2 1 1 0 0 2 0/1 20:37 0:54 2:43
Kellan Lain 0 0 0 1 0 0 2 0 0 0 0/0 12:10 0:00 1:50
Kurt Sauer 0 0 0 1 2 0 1 0 0 0 0/0 24:50 0:54 4:31
Martin St. Louis 0 0 0 0 0 3 1 0 1 0 0/0 9:26 0:00 0:00
Matt Duchene 1 0 1 0 0 3 0 0 0 0 12/26 18:25 0:54 0:50
Mike Komisarek 0 0 0 1 2 0 1 0 0 0 0/0 19:07 0:00 4:28
Mikko Koivu 0 1 1 0 0 1 2 0 1 0 8/10 14:04 0:00 5:17
Patrick Kane 0 0 0 0 0 3 1 0 2 1 0/1 18:52 1:05 4:27
Ryan Whitney 0 2 2 2 0 1 1 1 0 0 0/0 16:45 1:05 4:40
Taylor Hall 0 1 1 0 0 0 1 0 0 0 1/1 17:32 0:54 0:00
Travis Hamonic 0 1 1 1 0 0 0 0 0 0 0/0 19:10 0:00 4:40
Tyler Cuma 0 0 0 0 2 1 0 0 2 1 0/0 19:29 0:54 0:00
3 Stars
1 - Erik Christensen (NJD)
2 - Rob Scuderi (Buf)
3 - Ryan Whitney (NJD)
Power Play
Sabres - 1 on 6 Attempt(s) - 16.67%
Devils - 0 on 1 Attempt(s) - 0.00%
Penalty Kill
Sabres - 1 on 1 Attempt(s) - 100.00%
- Score 0 goal in Penalty Kill
Devils - 5 on 6 Attempt(s) - 83.33%
- Score 0 goal in Penalty Kill
Team Stat
Sabres - Hits : 27 - Faceoff Wins : 27 - Blocked Shots : 14 - Penalty Minutes : 2
Devils - Hits : 24 - Faceoff Wins : 27 - Blocked Shots : 2 - Penalty Minutes : 12
Official
Referees : Peel Tim and Fraser Kerry
Linesman : Lyle Seitz and Michel Cormier
Game Notes
Kyle Okposo is injured at 6:02 of 2nd period (Fractured Orbital Bone)
Finance
Level 1 -- Attendance: 6000 (100.00%) -- Ticket Income $540,000
Level 2 -- Attendance: 4164 (83.28%) -- Ticket Income $237,348
Level 3 -- Attendance: 2000 (100.00%) -- Ticket Income $66,000
Level 4 -- Attendance: 3800 (95.00%) -- Ticket Income $95,000
Luxury Box -- Attendance: 980 (98.00%) -- Ticket Income $151,900
Game was played at the The prudential Center.
Total Attendance: 16944 (94.13%)
Total Ticket Income: $1,090,248
Other Income: $163,537
Total Income: $1,253,785
Sabres
5 vs 5 Forward
Center Left Wing Right Wing Time % Phy DF OF
1 Brandon Sutter Ilya Kovalchuk Scottie Upshall 36 0 2 3
2 Andrei Loktionov Evander Kane Kyle Okposo 32 0 2 3
3 Ryan O'Reilly Matt Martin Zack Kassian 23 0 3 2
4 Vincent Lecavalier Darcy Hordichuk Brad Richardson 9 0 3 2
5 vs 5 Defense
Defense Defense Time % Phy DF OF
1 Zach Bogosian Rob Scuderi 40 0 2 3
2 Jared Cowen Michael Kostka 40 0 4 1
3 Jakub Kindl Jordan Leopold 20 0 4 1
4 Michael Kostka Jared Cowen 0 0 3 2
PowerPlay Forward
Center Left Wing Right Wing Time % Phy DF OF
1 Andrei Loktionov Evander Kane Kyle Okposo 55 0 0 5
2 Vincent Lecavalier Ilya Kovalchuk Zack Kassian 45 0 0 5
PowerPlay Defense
Defense Defense Time % Phy DF OF
1 Zach Bogosian Rob Scuderi 55 1 1 3
2 Jared Cowen Michael Kostka 45 1 1 3
Penalty Kill 4 Players Forward
Center Wing Time % Phy DF OF
1 Brandon Sutter Darcy Hordichuk 60 0 5 0
2 Vincent Lecavalier Ilya Kovalchuk 40 0 4 1
Penalty Kill 4 Players Defense
Defense Defense Time % Phy DF OF
1 Zach Bogosian Michael Kostka 60 0 5 0
2 Jared Cowen Rob Scuderi 40 0 4 1
Penalty Kill - 3 Players Forward
Forward Time % Phy DF OF
1 Brandon Sutter 60 0 5 0
2 Darcy Hordichuk 40 0 5 0
Penalty Kill - 3 Players Defense
Defense Defense Time % Phy DF OF
1 Michael Kostka Jared Cowen 60 0 5 0
2 Zach Bogosian Rob Scuderi 40 0 5 0
4 vs 4 Forward
Center Wing Time % Phy DF OF
1 Andrei Loktionov Ilya Kovalchuk 60 1 2 2
2 Vincent Lecavalier Zack Kassian 40 1 2 2
4 vs 4 Defense
Defense Defense Time % Phy DF OF
1 Zach Bogosian Jakub Kindl 60 1 2 2
2 Michael Kostka Jared Cowen 40 1 2 2
Last Minutes Offensive
Center Left Wing Right Wing Defense Defense
Vincent Lecavalier Ilya Kovalchuk Kyle Okposo Zach Bogosian Michael Kostka
Last Minutes Defensive
Center Left Wing Right Wing Defense Defense
Brandon Sutter Ilya Kovalchuk Zack Kassian Zach Bogosian Jared Cowen
Goaltenders
Starting : Robin Lehner
Backup : Jonas Hiller
Extra Forwards
Normal : Ilya Kovalchuk, Kyle Okposo, Vincent Lecavalier - PP : Kyle Okposo, Vincent Lecavalier - PK : Matt Martin
Extra Defensemen
Normal : Zach Bogosian, Rob Scuderi, Jared Cowen - PP : Jakub Kindl - PK : Rob Scuderi, Michael Kostka
Penalty Shots
Ilya Kovalchuk, Vincent Lecavalier, Evander Kane, Darcy Hordichuk, Scottie Upshall
Scratches
Wade Redden (Healthy)
Devils
5 vs 5 Forward
Center Left Wing Right Wing Time % Phy DF OF
1 Matt Duchene Taylor Hall Jordan Eberle 40 0 2 3
2 Jonathan Toews Chris Kreider Patrick Kane 30 0 2 3
3 Mikko Koivu Kellan Lain Martin St. Louis 20 0 2 3
4 Erik Christensen Brandon Bollig Anthony Stewart 10 0 2 3
5 vs 5 Defense
Defense Defense Time % Phy DF OF
1 Kurt Sauer Tyler Cuma 40 1 2 2
2 Travis Hamonic Dmitry Kulikov 30 1 2 2
3 Ryan Whitney Mike Komisarek 20 1 2 2
4 Mike Komisarek Dmitry Kulikov 10 1 2 2
PowerPlay Forward
Center Left Wing Right Wing Time % Phy DF OF
1 Jonathan Toews Chris Kreider Patrick Kane 60 0 2 3
2 Matt Duchene Taylor Hall Jordan Eberle 40 0 2 3
PowerPlay Defense
Defense Defense Time % Phy DF OF
1 Dmitry Kulikov Ryan Whitney 60 0 2 3
2 Tyler Cuma Kurt Sauer 40 0 2 3
Penalty Kill 4 Players Forward
Center Wing Time % Phy DF OF
1 Mikko Koivu Patrick Kane 60 1 2 2
2 Jonathan Toews Jordan Eberle 40 1 2 2
Penalty Kill 4 Players Defense
Defense Defense Time % Phy DF OF
1 Mike Komisarek Kurt Sauer 60 1 2 2
2 Travis Hamonic Ryan Whitney 40 1 2 2
Penalty Kill - 3 Players Forward
Forward Time % Phy DF OF
1 Jordan Eberle 60 1 2 2
2 Patrick Kane 40 1 2 2
Penalty Kill - 3 Players Defense
Defense Defense Time % Phy DF OF
1 Mike Komisarek Kurt Sauer 60 1 2 2
2 Dmitry Kulikov Ryan Whitney 40 1 2 2
4 vs 4 Forward
Center Wing Time % Phy DF OF
1 Mikko Koivu Jordan Eberle 60 1 2 2
2 Jonathan Toews Taylor Hall 40 1 2 2
4 vs 4 Defense
Defense Defense Time % Phy DF OF
1 Mike Komisarek Dmitry Kulikov 60 1 2 2
2 Tyler Cuma Ryan Whitney 40 1 2 2
Last Minutes Offensive
Center Left Wing Right Wing Defense Defense
Matt Duchene Taylor Hall Patrick Kane Tyler Cuma Kurt Sauer
Last Minutes Defensive
Center Left Wing Right Wing Defense Defense
Matt Duchene Taylor Hall Jordan Eberle Mike Komisarek Kurt Sauer
Goaltenders
Starting : James Reimer
Backup : Ryan Miller
Extra Forwards
Normal : Jordan Eberle, Jonathan Toews, Taylor Hall - PP : Jordan Eberle, Jonathan Toews - PK : Erik Christensen
Extra Defensemen
Normal : Tyler Cuma, Mike Komisarek, Dmitry Kulikov - PP : Tyler Cuma - PK : Mike Komisarek, Dmitry Kulikov
Penalty Shots
Patrick Kane, Jonathan Toews, Mikko Koivu, Jordan Eberle, Chris Kreider
Scratches
Kyle Cumiskey (Healthy)
% Time on Ice - Sabres
Lines # - Real PCT - Wanted PCT - Time Play
Normal Forward
1 - 34% - 36% - 15:48
2 - 32% - 32% - 14:57
3 - 22% - 23% - 10:24
4 - 12% - 9% - 5:29
Normal Defense
1 - 38% - 40% - 17:41
2 - 38% - 40% - 17:53
3 - 24% - 20% - 11:04
4 - 0% - 0% - 0:00
PP Forward
1 - 59% - 55% - 6:03
2 - 41% - 45% - 4:09
PP Defense
1 - 62% - 55% - 6:18
2 - 38% - 45% - 3:54
PK Forward
1 - 77% - 60% - 1:32
2 - 23% - 40% - 0:27
PK Defense
1 - 64% - 60% - 1:16
2 - 36% - 40% - 0:43
PK3 Forward
1 - 0% - 60%
2 - 0% - 40%
PK3 Defense
1 - 0% - 60%
2 - 0% - 40%
44 Forward
1 - 0% - 60%
2 - 0% - 40%
44 Defense
1 - 0% - 60%
2 - 0% - 40%
Last Minute Offensive - 1:11
Last Minute Defensive - 0:00
Total
Forward - 60:00
Defense - 60:00
|
% Time on Ice - Devils
Lines # - Real PCT - Wanted PCT - Time Play
Normal Forward
1 - 33% - 40% - 15:23
2 - 33% - 30% - 15:28
3 - 18% - 20% - 8:25
4 - 16% - 10% - 7:23
Normal Defense
1 - 42% - 40% - 19:36
2 - 31% - 30% - 14:30
3 - 19% - 20% - 8:53
4 - 8% - 10% - 3:40
PP Forward
1 - 55% - 60% - 1:05
2 - 45% - 40% - 0:54
PP Defense
1 - 55% - 60% - 1:05
2 - 45% - 40% - 0:54
PK Forward
1 - 67% - 60% - 6:53
2 - 33% - 40% - 3:19
PK Defense
1 - 58% - 60% - 5:54
2 - 42% - 40% - 4:18
PK3 Forward
1 - 0% - 60%
2 - 0% - 40%
PK3 Defense
1 - 0% - 60%
2 - 0% - 40%
44 Forward
1 - 0% - 60%
2 - 0% - 40%
44 Defense
1 - 0% - 60%
2 - 0% - 40%
Last Minute Offensive - 0:00
Last Minute Defensive - 1:10
Total
Forward - 60:00
Defense - 60:00
|
Play by Play
1st period
0:01 of 1st period - Brandon Sutter wins face-off versus Matt Duchene in neutral zone.
0:04 of 1st period - Jordan Eberle is hit by Ilya Kovalchuk and loses puck.
0:23 of 1st period - Icing by Rob Scuderi.
0:24 of 1st period - Andrei Loktionov wins face-off versus Chris Kreider in Sabres zone.
0:24 of 1st period - Andrei Loktionov is hit by Jonathan Toews.
0:50 of 1st period - Andrei Loktionov is hit by Brandon Bollig.
1:24 of 1st period - Slapshot by Andrei Loktionov.
1:24 of 1st period - Stopped by James Reimer with a rebound.
1:26 of 1st period - Slapshot by Jared Cowen.
1:26 of 1st period - Shot Misses the Net.
1:28 of 1st period - Slapshot by Michael Kostka.
1:28 of 1st period - Stopped by James Reimer without a rebound.
1:29 of 1st period - Matt Duchene wins face-off versus Ryan O'Reilly in Devils zone.
2:41 of 1st period - Snap shot by Anthony Stewart.
2:41 of 1st period - Stopped by Robin Lehner without a rebound.
2:42 of 1st period - Matt Duchene wins face-off versus Brandon Sutter in Sabres zone.
2:57 of 1st period - Backhand shot by Scottie Upshall.
2:57 of 1st period - Shot Misses the Net.
3:26 of 1st period - Wrist shot by Patrick Kane.
3:26 of 1st period - Stopped by Robin Lehner without a rebound.
3:27 of 1st period - Mikko Koivu wins face-off versus Vincent Lecavalier in Sabres zone.
3:28 of 1st period - Snap shot by Martin St. Louis.
3:28 of 1st period - Shot Blocked by Rob Scuderi.
3:42 of 1st period - Travis Hamonic is hit by Vincent Lecavalier.
4:03 of 1st period - Snap shot by Ilya Kovalchuk.
4:03 of 1st period - Shot Misses the Net.
4:05 of 1st period - Slapshot by Rob Scuderi.
4:05 of 1st period - Deflect By Jordan Eberle.
4:05 of 1st period - Stopped by James Reimer without a rebound.
4:06 of 1st period - Jonathan Toews wins face-off versus Andrei Loktionov in Devils zone.
4:13 of 1st period - Snap shot by Jonathan Toews.
4:13 of 1st period - Stopped by Robin Lehner with a rebound.
5:02 of 1st period - Snap shot by Andrei Loktionov.
5:02 of 1st period - Shot Misses the Net.
5:39 of 1st period - Kyle Okposo is hit by Kurt Sauer and loses puck.
6:06 of 1st period - Slapshot by Jonathan Toews.
6:06 of 1st period - Shot Misses the Net.
6:08 of 1st period - Snap shot by Tyler Cuma.
6:08 of 1st period - Stopped by Robin Lehner with a rebound.
6:10 of 1st period - Snap shot by Chris Kreider.
6:10 of 1st period - Shot Blocked by Evander Kane.
6:27 of 1st period - Snap shot by Evander Kane.
6:27 of 1st period - Stopped by James Reimer with a rebound.
7:01 of 1st period - Wrist shot by Evander Kane.
7:01 of 1st period - Stopped by James Reimer without a rebound.
7:02 of 1st period - Brandon Sutter wins face-off versus Matt Duchene in Devils zone.
7:39 of 1st period - Minor Penalty to Dmitry Kulikov for Holding Stick.
7:40 of 1st period - Mikko Koivu wins face-off versus Vincent Lecavalier in Devils zone.
7:54 of 1st period - Snap shot by Ilya Kovalchuk.
7:54 of 1st period - Stopped by James Reimer with a rebound.
7:56 of 1st period - Slapshot by Ilya Kovalchuk.
7:56 of 1st period - Goal by Ilya Kovalchuk - Sabres : 1 - Devils : 0.
7:57 of 1st period - Brandon Sutter wins face-off versus Matt Duchene in neutral zone.
8:19 of 1st period - Minor Penalty to Jordan Eberle for Slashing.
8:20 of 1st period - Mikko Koivu wins face-off versus Vincent Lecavalier in Devils zone.
8:55 of 1st period - Mikko Koivu is hit by Rob Scuderi.
10:19 of 1st period - Penalty to Jordan Eberle is over, Jordan Eberle is back on ice.
10:40 of 1st period - Off-side.
10:41 of 1st period - Ryan O'Reilly wins face-off versus Erik Christensen in neutral zone.
10:46 of 1st period - Slapshot by Brad Richardson.
10:46 of 1st period - Stopped by James Reimer without a rebound.
10:47 of 1st period - Erik Christensen wins face-off versus Brandon Sutter in Devils zone.
11:12 of 1st period - Slapshot by Scottie Upshall.
11:12 of 1st period - Shot Misses the Net.
11:37 of 1st period - Snap shot by Martin St. Louis.
11:37 of 1st period - Stopped by Robin Lehner with a rebound.
11:39 of 1st period - Slapshot by Kurt Sauer.
11:39 of 1st period - Shot Blocked by Jakub Kindl.
11:41 of 1st period - Snap shot by Kellan Lain.
11:41 of 1st period - Shot Misses the Net.
12:11 of 1st period - Ryan Whitney is hit by Scottie Upshall and loses puck.
12:18 of 1st period - Snap shot by Ilya Kovalchuk.
12:18 of 1st period - Stopped by James Reimer without a rebound.
12:19 of 1st period - Brandon Sutter wins face-off versus Matt Duchene in Devils zone.
12:44 of 1st period - Zack Kassian is hit by Kellan Lain and loses puck.
13:00 of 1st period - Icing by Mikko Koivu.
13:01 of 1st period - Mikko Koivu wins face-off versus Vincent Lecavalier in Devils zone.
13:09 of 1st period - Snap shot by Jordan Eberle.
13:09 of 1st period - Deflect By Michael Kostka.
13:09 of 1st period - Shot Misses the Net.
13:09 of 1st period - Puck is out of play.
13:10 of 1st period - Brandon Sutter wins face-off versus Matt Duchene in Sabres zone.
13:43 of 1st period - Matt Duchene is hit by Rob Scuderi and loses puck.
13:57 of 1st period - Minor Penalty to Mike Komisarek for Goalie Interference.
13:58 of 1st period - Mikko Koivu wins face-off versus Kyle Okposo in Devils zone.
15:57 of 1st period - Penalty to Mike Komisarek is over, Mike Komisarek is back on ice.
16:10 of 1st period - Ilya Kovalchuk is hit by Brandon Bollig and loses puck.
16:49 of 1st period - Slapshot by Mike Komisarek.
16:49 of 1st period - Shot Misses the Net.
16:51 of 1st period - Wrist shot by Jordan Eberle.
16:51 of 1st period - Shot Blocked by Jordan Leopold.
16:53 of 1st period - Slapshot by Ryan Whitney.
16:53 of 1st period - Deflect By Matt Duchene.
16:53 of 1st period - Stopped by Robin Lehner with a rebound.
16:55 of 1st period - Slapshot by Ryan Whitney.
16:55 of 1st period - Shot Blocked by Jordan Leopold.
16:57 of 1st period - Snap shot by Jordan Eberle.
16:57 of 1st period - Stopped by Robin Lehner without a rebound.
16:58 of 1st period - Zack Kassian wins face-off versus Patrick Kane in Sabres zone.
17:36 of 1st period - Snap shot by Martin St. Louis.
17:36 of 1st period - Stopped by Robin Lehner without a rebound.
17:37 of 1st period - Vincent Lecavalier wins face-off versus Jordan Eberle in Sabres zone.
17:44 of 1st period - Wrist shot by Brad Richardson.
17:44 of 1st period - Shot Misses the Net.
17:46 of 1st period - Wrist shot by Brad Richardson.
17:46 of 1st period - Shot Misses the Net.
17:48 of 1st period - Snap shot by Darcy Hordichuk.
17:48 of 1st period - Stopped by James Reimer without a rebound.
17:49 of 1st period - Matt Duchene wins face-off versus Ryan O'Reilly in Devils zone.
17:49 of 1st period - Matt Duchene is hit by Zack Kassian.
18:02 of 1st period - Off-side.
18:03 of 1st period - Matt Duchene wins face-off versus Brandon Sutter in neutral zone.
18:13 of 1st period - Rob Scuderi is hit by Taylor Hall and loses puck.
18:34 of 1st period - Rob Scuderi is hit by Kellan Lain.
18:50 of 1st period - Travis Hamonic is hit by Kyle Okposo and loses puck.
19:11 of 1st period - Wrist shot by Brad Richardson.
19:11 of 1st period - Stopped by James Reimer with a rebound.
Goals for this period are 1 for Sabres vs 0 for Devils.
Shots for this period are 11 for Sabres vs 8 for Devils.
2nd period
0:01 of 2nd period - Brandon Sutter wins face-off versus Matt Duchene in neutral zone.
0:04 of 2nd period - Taylor Hall is hit by Ilya Kovalchuk and loses puck.
0:15 of 2nd period - Wrist shot by Brandon Sutter.
0:15 of 2nd period - Stopped by James Reimer with a rebound.
0:45 of 2nd period - Icing by Zach Bogosian.
0:46 of 2nd period - Ryan O'Reilly wins face-off versus Mikko Koivu in Sabres zone.
0:55 of 2nd period - Snap shot by Mikko Koivu.
0:55 of 2nd period - Shot Misses the Net.
1:15 of 2nd period - Snap shot by Kyle Okposo.
1:15 of 2nd period - Deflect By Dmitry Kulikov.
1:15 of 2nd period - Shot Misses the Net.
1:15 of 2nd period - Puck is out of play.
1:16 of 2nd period - Andrei Loktionov wins face-off versus Matt Duchene in Devils zone.
1:48 of 2nd period - Off-side.
1:49 of 2nd period - Brandon Sutter wins face-off versus Jonathan Toews in neutral zone.
1:55 of 2nd period - Minor Penalty to Dmitry Kulikov for Hooking.
1:56 of 2nd period - Mikko Koivu wins face-off versus Andrei Loktionov in Devils zone.
3:55 of 2nd period - Penalty to Dmitry Kulikov is over, Dmitry Kulikov is back on ice.
4:14 of 2nd period - Jared Cowen is hit by Brandon Bollig and loses puck.
4:21 of 2nd period - Dmitry Kulikov is hit by Jordan Leopold and loses puck.
4:38 of 2nd period - Snap shot by Ryan O'Reilly.
4:38 of 2nd period - Shot Blocked by Dmitry Kulikov.
4:40 of 2nd period - Wrist shot by Matt Martin.
4:40 of 2nd period - Deflect By Brad Richardson.
4:40 of 2nd period - Shot Misses the Net.
4:40 of 2nd period - Puck is out of play.
4:41 of 2nd period - Matt Duchene wins face-off versus Ryan O'Reilly in Devils zone.
4:50 of 2nd period - Snap shot by Zack Kassian.
4:50 of 2nd period - Stopped by James Reimer with a rebound.
5:02 of 2nd period - Jordan Leopold is hit by Jonathan Toews and loses puck.
5:18 of 2nd period - Off-side.
5:19 of 2nd period - Mikko Koivu wins face-off versus Andrei Loktionov in neutral zone.
5:22 of 2nd period - Michael Kostka is hit by Mikko Koivu and loses puck.
5:31 of 2nd period - Wrist shot by Evander Kane.
5:31 of 2nd period - Shot Blocked by Ryan Whitney.
5:33 of 2nd period - Slapshot by Michael Kostka.
5:33 of 2nd period - Deflect By Evander Kane.
5:33 of 2nd period - Shot Misses the Net.
5:33 of 2nd period - Puck is out of play.
5:34 of 2nd period - Matt Duchene wins face-off versus Brandon Sutter in Devils zone.
5:41 of 2nd period - Slapshot by Matt Duchene.
5:41 of 2nd period - Shot Misses the Net.
6:01 of 2nd period - Kyle Okposo is hit by Chris Kreider and loses puck.
6:02 of 2nd period - Kyle Okposo from Sabres is injured at 6:02 of 2nd period (Fractured Orbital Bone).
6:03 of 2nd period - Matt Duchene wins face-off versus Scottie Upshall in Sabres zone.
6:06 of 2nd period - Wrist shot by Matt Duchene.
6:06 of 2nd period - Goal by Matt Duchene - Sabres : 1 - Devils : 1.
6:07 of 2nd period - Matt Duchene wins face-off versus Brandon Sutter in neutral zone.
6:43 of 2nd period - Snap shot by Martin St. Louis.
6:43 of 2nd period - Shot Misses the Net.
7:18 of 2nd period - Slapshot by Matt Duchene.
7:18 of 2nd period - Deflect By Zach Bogosian.
7:18 of 2nd period - Shot Blocked by Rob Scuderi.
7:18 of 2nd period - Puck is out of play.
7:19 of 2nd period - Ryan O'Reilly wins face-off versus Matt Duchene in Sabres zone.
7:46 of 2nd period - Wrist shot by Chris Kreider.
7:46 of 2nd period - Stopped by Robin Lehner without a rebound.
7:47 of 2nd period - Evander Kane wins face-off versus Jonathan Toews in Sabres zone.
8:10 of 2nd period - Snap shot by Patrick Kane.
8:10 of 2nd period - Stopped by Robin Lehner with a rebound.
8:30 of 2nd period - Travis Hamonic is hit by Vincent Lecavalier and loses puck.
8:41 of 2nd period - Backhand shot by Dmitry Kulikov.
8:41 of 2nd period - Deflect By Darcy Hordichuk.
8:41 of 2nd period - Stopped by Robin Lehner with a rebound.
8:47 of 2nd period - Vincent Lecavalier is hit by Dmitry Kulikov and loses puck.
9:10 of 2nd period - Michael Kostka is hit by Mikko Koivu.
9:19 of 2nd period - Off-side.
9:20 of 2nd period - Brandon Sutter wins face-off versus Matt Duchene in neutral zone.
9:37 of 2nd period - Snap shot by Matt Duchene.
9:37 of 2nd period - Stopped by Robin Lehner without a rebound.
9:38 of 2nd period - Ilya Kovalchuk wins face-off versus Jonathan Toews in Sabres zone.
9:43 of 2nd period - Wrist shot by Patrick Kane.
9:43 of 2nd period - Shot Blocked by Andrei Loktionov.
9:53 of 2nd period - Kurt Sauer is hit by Andrei Loktionov and loses puck.
10:55 of 2nd period - Snap shot by Martin St. Louis.
10:55 of 2nd period - Shot Misses the Net.
11:18 of 2nd period - Zach Bogosian is hit by Chris Kreider and loses puck.
11:40 of 2nd period - Off-side.
11:41 of 2nd period - Brandon Sutter wins face-off versus Jonathan Toews in neutral zone.
12:17 of 2nd period - Taylor Hall is hit by Jordan Leopold.
12:31 of 2nd period - Slapshot by Martin St. Louis.
12:31 of 2nd period - Stopped by Robin Lehner with a rebound.
12:33 of 2nd period - Slapshot by Dmitry Kulikov.
12:33 of 2nd period - Shot Blocked by Jordan Leopold.
12:35 of 2nd period - Wrist shot by Martin St. Louis.
12:35 of 2nd period - Shot Misses the Net.
12:37 of 2nd period - Wrist shot by Mikko Koivu.
12:37 of 2nd period - Stopped by Robin Lehner with a rebound.
13:31 of 2nd period - Ryan Whitney is hit by Zack Kassian and loses puck.
14:29 of 2nd period - Mike Komisarek is hit by Rob Scuderi and loses puck.
14:53 of 2nd period - Tyler Cuma is hit by Matt Martin and loses puck.
15:06 of 2nd period - Rob Scuderi is hit by Brandon Bollig and loses puck.
16:30 of 2nd period - Snap shot by Mikko Koivu.
16:30 of 2nd period - Shot Blocked by Michael Kostka.
17:11 of 2nd period - Snap shot by Vincent Lecavalier.
17:11 of 2nd period - Stopped by James Reimer with a rebound.
17:13 of 2nd period - Slapshot by Jared Cowen.
17:13 of 2nd period - Stopped by James Reimer with a rebound.
17:15 of 2nd period - Snap shot by Vincent Lecavalier.
17:15 of 2nd period - Stopped by James Reimer without a rebound.
17:16 of 2nd period - Taylor Hall wins face-off versus Andrei Loktionov in Devils zone.
17:23 of 2nd period - Snap shot by Taylor Hall.
17:23 of 2nd period - Shot Blocked by Evander Kane.
17:34 of 2nd period - Off-side.
17:35 of 2nd period - Ryan O'Reilly wins face-off versus Jonathan Toews in neutral zone.
17:42 of 2nd period - Snap shot by Patrick Kane.
17:42 of 2nd period - Shot Misses the Net.
17:50 of 2nd period - Wrist shot by Patrick Kane.
17:50 of 2nd period - Deflect By Jonathan Toews.
17:50 of 2nd period - Stopped by Robin Lehner with a rebound.
18:09 of 2nd period - Taylor Hall is hit by Scottie Upshall and loses puck.
18:26 of 2nd period - Jared Cowen is hit by Dmitry Kulikov and loses puck.
19:05 of 2nd period - Chris Kreider is hit by Matt Martin and loses puck.
19:56 of 2nd period - Off-side.
19:57 of 2nd period - Jonathan Toews wins face-off versus Ryan O'Reilly in neutral zone.
Goals for this period are 0 for Sabres vs 1 for Devils.
Shots for this period are 5 for Sabres vs 8 for Devils.
3rd period
0:01 of 3rd period - Brandon Sutter wins face-off versus Matt Duchene in neutral zone.
0:33 of 3rd period - Wrist shot by Chris Kreider.
0:33 of 3rd period - Stopped by Robin Lehner without a rebound.
0:34 of 3rd period - Jonathan Toews wins face-off versus Brandon Sutter in Sabres zone.
0:47 of 3rd period - Wrist shot by Chris Kreider.
0:47 of 3rd period - Shot Misses the Net.
0:49 of 3rd period - Wrist shot by Travis Hamonic.
0:49 of 3rd period - Deflect By Patrick Kane.
0:49 of 3rd period - Shot Blocked by Zach Bogosian.
0:49 of 3rd period - Puck is out of play.
0:50 of 3rd period - Andrei Loktionov wins face-off versus Matt Duchene in Sabres zone.
0:50 of 3rd period - Andrei Loktionov is hit by Jordan Eberle.
0:57 of 3rd period - Minor Penalty to Tyler Cuma for Slashing.
0:58 of 3rd period - Evander Kane wins face-off versus Mikko Koivu in Devils zone.
2:04 of 3rd period - Patrick Kane is hit by Michael Kostka and loses puck.
2:57 of 3rd period - Penalty to Tyler Cuma is over, Tyler Cuma is back on ice.
3:34 of 3rd period - Jared Cowen is hit by Martin St. Louis and loses puck.
3:58 of 3rd period - Jakub Kindl is hit by Mike Komisarek and loses puck.
4:32 of 3rd period - Zach Bogosian is hit by Dmitry Kulikov.
4:33 of 3rd period - Icing by Zach Bogosian.
4:34 of 3rd period - Scottie Upshall wins face-off versus Matt Duchene in Sabres zone.
4:51 of 3rd period - Matt Duchene is hit by Jordan Leopold and loses puck.
5:12 of 3rd period - Patrick Kane is hit by Matt Martin and loses puck.
5:37 of 3rd period - Snap shot by Erik Christensen.
5:37 of 3rd period - Deflect By Brandon Bollig.
5:37 of 3rd period - Shot Misses the Net.
5:37 of 3rd period - Puck is out of play.
5:38 of 3rd period - Brandon Sutter wins face-off versus Erik Christensen in Sabres zone.
5:46 of 3rd period - Wrist shot by Michael Kostka.
5:46 of 3rd period - Shot Misses the Net.
5:48 of 3rd period - Slapshot by Jared Cowen.
5:48 of 3rd period - Stopped by James Reimer with a rebound.
5:54 of 3rd period - Anthony Stewart is hit by Michael Kostka and loses puck.
6:54 of 3rd period - Snap shot by Brandon Sutter.
6:54 of 3rd period - Stopped by James Reimer with a rebound.
6:56 of 3rd period - Slapshot by Jared Cowen.
6:56 of 3rd period - Shot Misses the Net.
6:58 of 3rd period - Minor Penalty to Kurt Sauer for Hooking.
6:59 of 3rd period - Mikko Koivu wins face-off versus Andrei Loktionov in Devils zone.
8:40 of 3rd period - Mike Komisarek is hit by Rob Scuderi and loses puck.
8:58 of 3rd period - Penalty to Kurt Sauer is over, Kurt Sauer is back on ice.
9:19 of 3rd period - Wrist shot by Erik Christensen.
9:19 of 3rd period - Stopped by Robin Lehner with a rebound.
9:21 of 3rd period - Slapshot by Travis Hamonic.
9:21 of 3rd period - Deflect By Erik Christensen.
9:21 of 3rd period - Stopped by Robin Lehner with a rebound.
9:23 of 3rd period - Slapshot by Ryan Whitney.
9:23 of 3rd period - Stopped by Robin Lehner with a rebound.
9:25 of 3rd period - Slapshot by Erik Christensen.
9:25 of 3rd period - Goal by Erik Christensen - Sabres : 1 - Devils : 2.
9:26 of 3rd period - Matt Duchene wins face-off versus Ryan O'Reilly in neutral zone.
9:41 of 3rd period - Jordan Eberle is hit by Michael Kostka and loses puck.
10:00 of 3rd period - Off-side.
10:01 of 3rd period - Jonathan Toews wins face-off versus Brandon Sutter in neutral zone.
10:12 of 3rd period - Snap shot by Patrick Kane.
10:12 of 3rd period - Deflect By Jonathan Toews.
10:12 of 3rd period - Stopped by Robin Lehner without a rebound.
10:13 of 3rd period - Matt Duchene wins face-off versus Andrei Loktionov in Sabres zone.
10:14 of 3rd period - Wrist shot by Taylor Hall.
10:14 of 3rd period - Shot Blocked by Evander Kane.
11:04 of 3rd period - Michael Kostka is hit by Dmitry Kulikov and loses puck.
11:25 of 3rd period - Slapshot by Ryan Whitney.
11:25 of 3rd period - Shot Misses the Net.
11:27 of 3rd period - Snap shot by Erik Christensen.
11:27 of 3rd period - Goal by Erik Christensen - Sabres : 1 - Devils : 3.
11:28 of 3rd period - Matt Duchene wins face-off versus Andrei Loktionov in neutral zone.
11:43 of 3rd period - Slapshot by Zach Bogosian.
11:43 of 3rd period - Deflect By Jordan Eberle.
11:43 of 3rd period - Goal by Zach Bogosian - Sabres : 2 - Devils : 3.
11:44 of 3rd period - Brandon Sutter wins face-off versus Matt Duchene in neutral zone.
11:48 of 3rd period - Icing by Tyler Cuma.
11:49 of 3rd period - Matt Duchene wins face-off versus Brandon Sutter in Devils zone.
11:49 of 3rd period - Matt Duchene is hit by Rob Scuderi.
12:09 of 3rd period - Minor Penalty to Ilya Kovalchuk for Interference.
12:10 of 3rd period - Jonathan Toews wins face-off versus Brandon Sutter in Sabres zone.
12:11 of 3rd period - Snap shot by Patrick Kane.
12:11 of 3rd period - Stopped by Robin Lehner without a rebound.
12:12 of 3rd period - Brandon Sutter wins face-off versus Jonathan Toews in Sabres zone.
12:51 of 3rd period - Vincent Lecavalier is hit by Dmitry Kulikov and loses puck.
14:07 of 3rd period - Jared Cowen is hit by Ryan Whitney and loses puck.
14:09 of 3rd period - Penalty to Ilya Kovalchuk is over, Ilya Kovalchuk is back on ice.
14:40 of 3rd period - Slapshot by Dmitry Kulikov.
14:40 of 3rd period - Shot Blocked by Vincent Lecavalier.
14:58 of 3rd period - Snap shot by Mikko Koivu.
14:58 of 3rd period - Shot Blocked by Jakub Kindl.
16:48 of 3rd period - Matt Duchene is hit by Jakub Kindl and loses puck.
16:55 of 3rd period - Matt Martin is hit by Patrick Kane and loses puck.
18:04 of 3rd period - Chris Kreider is hit by Ilya Kovalchuk and loses puck.
18:43 of 3rd period - Sabres, Robin Lehner is pulled from the net.
19:06 of 3rd period - Mike Komisarek is hit by Ilya Kovalchuk and loses puck.
19:11 of 3rd period - Snap shot by Vincent Lecavalier.
19:11 of 3rd period - Stopped by James Reimer with a rebound.
19:13 of 3rd period - Snap shot by Brad Richardson.
19:13 of 3rd period - Stopped by James Reimer without a rebound.
19:14 of 3rd period - Jacques Martin call a timeout for Sabres.
19:14 of 3rd period - Vincent Lecavalier wins face-off versus Matt Duchene in Devils zone.
19:39 of 3rd period - Snap shot by Vincent Lecavalier.
19:39 of 3rd period - Shot Misses the Net.
Goals for this period are 1 for Sabres vs 2 for Devils.
Shots for this period are 5 for Sabres vs 8 for Devils.
Back to the Top